Workbook

Sheet code source
A1: CODE SOURCE
A2: <!DOCTYPE html PUBLIC "-//W3C//DTD XHTML 1.0 Transitional//EN" "http://www.w3.org/TR/xhtml1/DTD/xhtml1-transitional.dtd">
A4: <!--[if lt IE 7 ]> <html class="no-js ie6" xmlns="http://www.w3.org/1999/xhtml" dir="ltr" lang="fr" xml:lang="fr" xmlns:v="urn:schemas-microsoft-com:vml"> <![endif]-->
A5: <!--[if IE 7 ]> <html class="no-js ie7" xmlns="http://www.w3.org/1999/xhtml" dir="ltr" lang="fr" xml:lang="fr" xmlns:v="urn:schemas-microsoft-com:vml"> <![endif]-->
A6: <!--[if IE 8 ]> <html class="no-js ie8" xmlns="http://www.w3.org/1999/xhtml" dir="ltr" lang="fr" xml:lang="fr" xmlns:v="urn:schemas-microsoft-com:vml"> <![endif]-->
A7: <!--[if (gte IE 9)|!(IE)]><!--> <html class="no-js" xmlns="http://www.w3.org/1999/xhtml" dir="ltr" lang="fr" xml:lang="fr" xmlns:v="urn:schemas-microsoft-com:vml"> <!--<![endif]-->
A9: <head>
A10: <base href="http://forum.excel-pratique.com/"/>
A11: <link rel="canonical" href="http://forum.excel-pratique.com/excel/title-page-web-et-autres-elements-htlm-t64340.html" />
A12: <meta http-equiv="content-type" content="text/html; charset=UTF-8" />
A13: <title>&quot; title &quot; page web et autres éléments htlm : Excel - VBA</title>
A14: <meta name="content-language" content="fr" />
... A781: </html>

Sheet title
A1: =MATCH("*<title>*",'code source'!A:A,0) -> 13 | B1: =INDEX('code source'!A:A,A1) -> <title>&quot; title &quot; page web et autres éléments htlm : Excel - VBA</title>

Sheet bouton_nav
A1: bouton_nav | B1: code
A2: =IFERROR(IF(SEARCH($A$1,'code source'!A2),"ok","nok"),"nok") -> nok
A3: =IFERROR(IF(SEARCH($A$1,'code source'!A3),"ok","nok"),"nok") -> nok
A4: =IFERROR(IF(SEARCH($A$1,'code source'!A4),"ok","nok"),"nok") -> nok
A5: =IFERROR(IF(SEARCH($A$1,'code source'!A5),"ok","nok"),"nok") -> nok
A6: =IFERROR(IF(SEARCH($A$1,'code source'!A6),"ok","nok"),"nok") -> nok
A7: =IFERROR(IF(SEARCH($A$1,'code source'!A7),"ok","nok"),"nok") -> nok
A8: =IFERROR(IF(SEARCH($A$1,'code source'!A8),"ok","nok"),"nok") -> nok
A9: =IFERROR(IF(SEARCH($A$1,'code source'!A9),"ok","nok"),"nok") -> nok
A10: =IFERROR(IF(SEARCH($A$1,'code source'!A10),"ok","nok"),"nok") -> nok
A11: =IFERROR(IF(SEARCH($A$1,'code source'!A11),"ok","nok"),"nok") -> nok
A12: =IFERROR(IF(SEARCH($A$1,'code source'!A12),"ok","nok"),"nok") -> nok
A13: =IFERROR(IF(SEARCH($A$1,'code source'!A13),"ok","nok"),"nok") -> nok
... A257: =IFERROR(IF(SEARCH($A$1,'code source'!A257),"ok","nok"),"nok") -> nok
A258: =IFERROR(IF(SEARCH($A$1,'code source'!A258),"ok","nok"),"nok") -> ok | B258: =INDIRECT("'code source'!A"&ROW()) -> <li class="bouton_nav" style="border-left:0; margin-left:2px">
A259: =IFERROR(IF(SEARCH($A$1,'code source'!A259),"ok","nok"),"nok") -> nok | B259: =INDIRECT("'code source'!A"&ROW()) -> <ul class="nav_sous_menu sous_menu_1" >
A260: =IFERROR(IF(SEARCH($A$1,'code source'!A260),"ok","nok"),"nok") -> nok | B260: =INDIRECT("'code source'!A"&ROW()) -> <a href="http://www.excel-pratique.com/fr/cours/excel_bases.php" title=""><li>1. Les bases</li></a><a href="http://www.excel-pratique.com/fr/cours/excel_tableaux_bordures.php" title=""><li>2. Les tableaux</li></a><a href="http://www.excel-pratique.com/fr/cours/excel_format_et_mise_en_forme.php" title=""><li>3. Format et mise en forme</li></a><a href="http://www.excel-pratique.com/fr/cours/excel_insertion_formes.php" title=""><li>4. Insertion d'objets</li></a><a href="http://www.excel-pratique.com/fr/cours/excel_recopie_incrementee.php" title=""><li>5. Recopie incr&eacute;ment&eacute;e</li></a><a href="http://www.excel-pratique.com/fr/cours/excel_formules_calculs_fonctions.php" title=""><li>6. Fonctions et calculs</li></a><a href="http://www.excel-pratique.com/fr/cours/excel_insertion_graphiques.php" title=""><li>7. Graphiques</li></a><a href="http://www.excel-pratique.com/fr/cours/excel_mises_en_forme_conditionnelles.php" title=""><li>8. Mises en forme conditionnelles</li></a><a href="http://www.excel-pratique.com/fr/cours/excel_mise_en_page.php" title=""><li>9. Compl&eacute;ments</li></a><a href="http://www.excel-pratique.com/fr/cours/excel_base_de_donnees_facturation.php" title=""><li>10. Utilisation de donn&eacute;es</li></a>
A261: =IFERROR(IF(SEARCH($A$1,'code source'!A261),"ok","nok"),"nok") -> nok | B261: =INDIRECT("'code source'!A"&ROW()) -> </ul>
A262: =IFERROR(IF(SEARCH($A$1,'code source'!A262),"ok","nok"),"nok") -> nok | B262: =INDIRECT("'code source'!A"&ROW()) -> <a href="http://www.excel-pratique.com/fr/cours.php" title="">COURS EXCEL</a>
A263: =IFERROR(IF(SEARCH($A$1,'code source'!A263),"ok","nok"),"nok") -> nok | B263: =INDIRECT("'code source'!A"&ROW()) -> </li>
A264: =IFERROR(IF(SEARCH($A$1,'code source'!A264),"ok","nok"),"nok") -> nok
A265: =IFERROR(IF(SEARCH($A$1,'code source'!A265),"ok","nok"),"nok") -> ok | B265: =INDIRECT("'code source'!A"&ROW()) -> <li class="bouton_nav">
A266: =IFERROR(IF(SEARCH($A$1,'code source'!A266),"ok","nok"),"nok") -> nok | B266: =INDIRECT("'code source'!A"&ROW()) -> <ul class="nav_sous_menu sous_menu_2" >
A267: =IFERROR(IF(SEARCH($A$1,'code source'!A267),"ok","nok"),"nok") -> nok | B267: =INDIRECT("'code source'!A"&ROW()) -> <a href="http://www.excel-pratique.com/fr/vba/introduction.php" title=""><li>1. Introduction</li></a><a href="http://www.excel-pratique.com/fr/vba/selections.php" title=""><li>2. Les feuilles et cellules</li></a><a href="http://www.excel-pratique.com/fr/vba/variables.php" title=""><li>3. Les variables</li></a><a href="http://www.excel-pratique.com/fr/vba/conditions.php" title=""><li>4. Les conditions</li></a><a href="http://www.excel-pratique.com/fr/vba/boucles.php" title=""><li>5. Les boucles</li></a><a href="http://www.excel-pratique.com/fr/vba/procedures_fonctions.php" title=""><li>6. Les proc&eacute;dures et fonctions</li></a><a href="http://www.excel-pratique.com/fr/vba/boites_de_dialogue.php" title=""><li>7. Les bo&icirc;tes de dialogue</li></a><a href="http://www.excel-pratique.com/fr/vba/evenements_classeur.php" title=""><li>8. Les &eacute;v&eacute;nements</li></a><a href="http://www.excel-pratique.com/fr/vba/userform.php" title=""><li>9. Les formulaires et contr&ocirc;les</li></a><a href="http://www.excel-pratique.com/fr/vba/tableaux_vba.php" title=""><li>10. Les tableaux</li></a><a href="http://www.excel-pratique.com/fr/vba/fonctions_vba.php" title=""><li>11. Compl&eacute;ments</li></a><a href="http://www.excel-pratique.com/fr/formation.php" title=""><li>12. Cr&eacute;er une application complexe</li></a><a href="http://www.excel-pratique.com/fr/astuces_vba.php" title=""><li>13. Astuces VBA</li></a>
A268: =IFERROR(IF(SEARCH($A$1,'code source'!A268),"ok","nok"),"nok") -> nok | B268: =INDIRECT("'code source'!A"&ROW()) -> </ul>
A269: =IFERROR(IF(SEARCH($A$1,'code source'!A269),"ok","nok"),"nok") -> nok | B269: =INDIRECT("'code source'!A"&ROW()) -> <a href="http://www.excel-pratique.com/fr/vba.php" title="">COURS VBA</a>
A270: =IFERROR(IF(SEARCH($A$1,'code source'!A270),"ok","nok"),"nok") -> nok | B270: =INDIRECT("'code source'!A"&ROW()) -> </li>
A271: =IFERROR(IF(SEARCH($A$1,'code source'!A271),"ok","nok"),"nok") -> nok
A272: =IFERROR(IF(SEARCH($A$1,'code source'!A272),"ok","nok"),"nok") -> ok | B272: =INDIRECT("'code source'!A"&ROW()) -> <li class="bouton_nav">
A273: =IFERROR(IF(SEARCH($A$1,'code source'!A273),"ok","nok"),"nok") -> nok | B273: =INDIRECT("'code source'!A"&ROW()) -> <ul class="nav_sous_menu sous_menu_3" >
A274: =IFERROR(IF(SEARCH($A$1,'code source'!A274),"ok","nok"),"nok") -> nok | B274: =INDIRECT("'code source'!A"&ROW()) -> <a href="http://www.excel-pratique.com/fr/formation/introduction_formation.php" title="" rel="nofollow"><li>1. Introduction</li></a><a href="http://www.excel-pratique.com/fr/formation/affichage_jours.php" title="" rel="nofollow"><li>2. Affichage des jours</li></a><a href="http://www.excel-pratique.com/fr/formation/mise_en_forme_calendrier.php" title="" rel="nofollow"><li>3. Mise en forme du calendrier</li></a><a href="http://www.excel-pratique.com/fr/formation/choix_annee.php" title="" rel="nofollow"><li>4. Choix de l'ann&eacute;e</li></a><a href="http://www.excel-pratique.com/fr/formation/creation_userform.php" title="" rel="nofollow"><li>5. Cr&eacute;ation de l'UserForm</li></a><a href="http://www.excel-pratique.com/fr/formation/enregistrement_donnees.php" title="" rel="nofollow"><li>6. Enregistrement de donn&eacute;es</li></a><a href="http://www.excel-pratique.com/fr/formation/affichage_donnees.php" title="" rel="nofollow"><li>7. Affichage des donn&eacute;es</li></a><a href="http://www.excel-pratique.com/fr/formation/remplissage_userform.php" title="" rel="nofollow"><li>8. Remplissage de l'UserForm</li></a><a href="http://www.excel-pratique.com/fr/formation/modification_donnees.php" title="" rel="nofollow"><li>9. Modification des donn&eacute;es</li></a><a href="http://www.excel-pratique.com/fr/formation/suppression_donnees.php" title="" rel="nofollow"><li>10. Suppression des donn&eacute;es</li></a><a href="http://www.excel-pratique.com/fr/formation/affichage_notes_du_jour.php" title="" rel="nofollow"><li>11. Affichage des notes du jour</li></a><a href="http://www.excel-pratique.com/fr/formation/exercice_revision.php" title="" rel="nofollow"><li>12. Exercice de r&eacute;vision</li></a><a href="http://www.excel-pratique.com/fr/formation/dernieres_recommandations.php" title="" rel="nofollow"><li>13. Derni&egrave;res recommandations</li></a>
A275: =IFERROR(IF(SEARCH($A$1,'code source'!A275),"ok","nok"),"nok") -> nok | B275: =INDIRECT("'code source'!A"&ROW()) -> </ul>
A276: =IFERROR(IF(SEARCH($A$1,'code source'!A276),"ok","nok"),"nok") -> nok | B276: =INDIRECT("'code source'!A"&ROW()) -> <a href="http://www.excel-pratique.com/fr/formation.php" title="">FORMATION PRATIQUE VBA</a>
A277: =IFERROR(IF(SEARCH($A$1,'code source'!A277),"ok","nok"),"nok") -> nok | B277: =INDIRECT("'code source'!A"&ROW()) -> </li>
A278: =IFERROR(IF(SEARCH($A$1,'code source'!A278),"ok","nok"),"nok") -> nok
A279: =IFERROR(IF(SEARCH($A$1,'code source'!A279),"ok","nok"),"nok") -> ok | B279: =INDIRECT("'code source'!A"&ROW()) -> <li class="bouton_nav">
A280: =IFERROR(IF(SEARCH($A$1,'code source'!A280),"ok","nok"),"nok") -> nok | B280: =INDIRECT("'code source'!A"&ROW()) -> <ul class="nav_sous_menu sous_menu_4" >
A281: =IFERROR(IF(SEARCH($A$1,'code source'!A281),"ok","nok"),"nok") -> nok | B281: =INDIRECT("'code source'!A"&ROW()) -> <a href="http://www.excel-pratique.com/fr/fonctions/aujourdhui.php" title=""><li>Date et heure</li></a><a href="http://www.excel-pratique.com/fr/fonctions/si.php" title=""><li>Logique</li></a><a href="http://www.excel-pratique.com/fr/fonctions/somme.php" title=""><li>Math et trigo</li></a><a href="http://www.excel-pratique.com/fr/fonctions/recherchev.php" title=""><li>Recherches et r&eacute;f&eacute;rence</li></a><a href="http://www.excel-pratique.com/fr/fonctions/nb.php" title=""><li>Statistiques</li></a><a href="http://www.excel-pratique.com/fr/fonctions/stxt.php" title=""><li>Texte</li></a>
A282: =IFERROR(IF(SEARCH($A$1,'code source'!A282),"ok","nok"),"nok") -> nok | B282: =INDIRECT("'code source'!A"&ROW()) -> </ul>
A283: =IFERROR(IF(SEARCH($A$1,'code source'!A283),"ok","nok"),"nok") -> nok | B283: =INDIRECT("'code source'!A"&ROW()) -> <a href="http://www.excel-pratique.com/fr/fonctions.php" title="">FONCTIONS</a>
A284: =IFERROR(IF(SEARCH($A$1,'code source'!A284),"ok","nok"),"nok") -> nok | B284: =INDIRECT("'code source'!A"&ROW()) -> </li>
A285: =IFERROR(IF(SEARCH($A$1,'code source'!A285),"ok","nok"),"nok") -> nok
A286: =IFERROR(IF(SEARCH($A$1,'code source'!A286),"ok","nok"),"nok") -> ok | B286: =INDIRECT("'code source'!A"&ROW()) -> <li class="bouton_nav" style="border-right:0">
A287: =IFERROR(IF(SEARCH($A$1,'code source'!A287),"ok","nok"),"nok") -> nok | B287: =INDIRECT("'code source'!A"&ROW()) -> <ul class="nav_sous_menu sous_menu_5" >
A288: =IFERROR(IF(SEARCH($A$1,'code source'!A288),"ok","nok"),"nok") -> nok | B288: =INDIRECT("'code source'!A"&ROW()) -> <a href="http://www.excel-pratique.com/fr/index_des_fonctions/finances.php" title=""><li>Finances</li></a><a href="http://www.excel-pratique.com/fr/index_des_fonctions/date_et_heure.php" title=""><li>Date / Heure</li></a><a href="http://www.excel-pratique.com/fr/index_des_fonctions/math_et_trigo.php" title=""><li>Math / Trigo</li></a><a href="http://www.excel-pratique.com/fr/index_des_fonctions/statistiques.php" title=""><li>Statistiques</li></a><a href="http://www.excel-pratique.com/fr/index_des_fonctions/recherche_et_matrices.php" title=""><li>Recherche / Matrices</li></a><a href="http://www.excel-pratique.com/fr/index_des_fonctions/base_de_donnees.php" title=""><li>Base de donn&eacute;es</li></a><a href="http://www.excel-pratique.com/fr/index_des_fonctions/texte.php" title=""><li>Texte</li></a><a href="http://www.excel-pratique.com/fr/index_des_fonctions/logique.php" title=""><li>Logique</li></a><a href="http://www.excel-pratique.com/fr/index_des_fonctions/informations.php" title=""><li>Informations</li></a><a href="http://www.excel-pratique.com/fr/index_des_fonctions/ingenierie.php" title=""><li>Ing&eacute;nierie</li></a><a href="http://www.excel-pratique.com/fr/index_des_fonctions/cube.php" title=""><li>Cube</li></a><a href="http://www.excel-pratique.com/fr/index_des_fonctions/compatibilite.php" title=""><li>Compatibilit&eacute;</li></a><a href="http://www.excel-pratique.com/fr/index_des_fonctions/web.php" title=""><li>Web</li></a>
A289: =IFERROR(IF(SEARCH($A$1,'code source'!A289),"ok","nok"),"nok") -> nok | B289: =INDIRECT("'code source'!A"&ROW()) -> </ul>
A290: =IFERROR(IF(SEARCH($A$1,'code source'!A290),"ok","nok"),"nok") -> nok | B290: =INDIRECT("'code source'!A"&ROW()) -> <a href="http://www.excel-pratique.com/fr/index_des_fonctions.php" title="">INDEX</a>
A291: =IFERROR(IF(SEARCH($A$1,'code source'!A291),"ok","nok"),"nok") -> nok | B291: =INDIRECT("'code source'!A"&ROW()) -> </li>
A292: =IFERROR(IF(SEARCH($A$1,'code source'!A292),"ok","nok"),"nok") -> nok
A293: =IFERROR(IF(SEARCH($A$1,'code source'!A293),"ok","nok"),"nok") -> ok | B293: =INDIRECT("'code source'!A"&ROW()) -> <li class="bouton_nav2">
A294: =IFERROR(IF(SEARCH($A$1,'code source'!A294),"ok","nok"),"nok") -> nok | B294: =INDIRECT("'code source'!A"&ROW()) -> <a href="index.php" title="">FORUM</a>
A295: =IFERROR(IF(SEARCH($A$1,'code source'!A295),"ok","nok"),"nok") -> nok | B295: =INDIRECT("'code source'!A"&ROW()) -> </li>
A296: =IFERROR(IF(SEARCH($A$1,'code source'!A296),"ok","nok"),"nok") -> nok
A297: =IFERROR(IF(SEARCH($A$1,'code source'!A297),"ok","nok"),"nok") -> ok | B297: =INDIRECT("'code source'!A"&ROW()) -> <li class="bouton_nav" style="border-left:0">
A298: =IFERROR(IF(SEARCH($A$1,'code source'!A298),"ok","nok"),"nok") -> nok | B298: =INDIRECT("'code source'!A"&ROW()) -> <ul class="nav_sous_menu sous_menu_7" >
A299: =IFERROR(IF(SEARCH($A$1,'code source'!A299),"ok","nok"),"nok") -> nok | B299: =INDIRECT("'code source'!A"&ROW()) -> <a href="http://www.excel-pratique.com/fr/telechargements/doc-excel-c0.php" title=""><li>Cours Excel</li></a><a href="http://www.excel-pratique.com/fr/telechargements/doc-vba-c1.php" title=""><li>Cours VBA</li></a><a href="http://www.excel-pratique.com/fr/telechargements/doc-calc-c2.php" title=""><li>Cours OpenOffice/LibreOffice</li></a><a href="http://www.excel-pratique.com/fr/telechargements/bd-finance-c3.php" title=""><li>BD, finance</li></a><a href="http://www.excel-pratique.com/fr/telechargements/budget-gestion-de-comptes-c4.php" title=""><li>Budget, gestion de comptes</li></a><a href="http://www.excel-pratique.com/fr/telechargements/calendriers-c5.php" title=""><li>Calendriers</li></a><a href="http://www.excel-pratique.com/fr/telechargements/comptabilite-c6.php" title=""><li>Comptabilit&eacute;</li></a><a href="http://www.excel-pratique.com/fr/telechargements/convertisseurs-c7.php" title=""><li>Convertisseurs</li></a><a href="http://www.excel-pratique.com/fr/telechargements/gestion-commerciale-c8.php" title=""><li>Gestion commerciale</li></a><a href="http://www.excel-pratique.com/fr/telechargements/gestion-du-personnel-c9.php" title=""><li>Gestion du personnel</li></a><a href="http://www.excel-pratique.com/fr/telechargements/jeux-c10.php" title=""><li>Jeux</li></a><a href="http://www.excel-pratique.com/fr/telechargements/loisirs-c11.php" title=""><li>Loisirs</li></a><a href="http://www.excel-pratique.com/fr/telechargements/outils-de-gestion-c12.php" title=""><li>Outils de gestion divers</li></a><a href="http://www.excel-pratique.com/fr/telechargements/outils-mathematiques-c13.php" title=""><li>Outils math&eacute;matiques</li></a><a href="http://www.excel-pratique.com/fr/telechargements/plannings-c14.php" title=""><li>Plannings</li></a><a href="http://www.excel-pratique.com/fr/telechargements/sante-c15.php" title=""><li>Sant&eacute;</li></a><a href="http://www.excel-pratique.com/fr/telechargements/sport-c16.php" title=""><li>Sport</li></a><a href="http://www.excel-pratique.com/fr/telechargements/utilitaires-c17.php" title=""><li>Utilitaires</li></a><a href="http://www.excel-pratique.com/fr/telechargements/inclassables-c18.php" title=""><li>Inclassables</li></a>
A300: =IFERROR(IF(SEARCH($A$1,'code source'!A300),"ok","nok"),"nok") -> nok | B300: =INDIRECT("'code source'!A"&ROW()) -> </ul>
A301: =IFERROR(IF(SEARCH($A$1,'code source'!A301),"ok","nok"),"nok") -> nok | B301: =INDIRECT("'code source'!A"&ROW()) -> <a href="http://www.excel-pratique.com/fr/telechargements/telechargements.php" title="">TELECHARGEMENTS</a>
A302: =IFERROR(IF(SEARCH($A$1,'code source'!A302),"ok","nok"),"nok") -> nok | B302: =INDIRECT("'code source'!A"&ROW()) -> </li>
A303: =IFERROR(IF(SEARCH($A$1,'code source'!A303),"ok","nok"),"nok") -> nok
A304: =IFERROR(IF(SEARCH($A$1,'code source'!A304),"ok","nok"),"nok") -> ok | B304: =INDIRECT("'code source'!A"&ROW()) -> <li class="bouton_nav">
A305: =IFERROR(IF(SEARCH($A$1,'code source'!A305),"ok","nok"),"nok") -> nok | B305: =INDIRECT("'code source'!A"&ROW()) -> <ul class="nav_sous_menu sous_menu_8" >
A306: =IFERROR(IF(SEARCH($A$1,'code source'!A306),"ok","nok"),"nok") -> nok | B306: =INDIRECT("'code source'!A"&ROW()) -> <a href="http://www.excel-pratique.com/fr/logiciels/gestion-contacts.php" title=""><li>Contacts-Pratique</li></a><a href="http://www.excel-pratique.com/fr/logiciels/calendrier_pratique.php" title=""><li>Calendrier-Pratique</li></a><a href="http://www.excel-pratique.com/fr/logiciels/logiciel_de_comptabilite.php" title=""><li>Compta-Pratique</li></a><a href="http://www.excel-pratique.com/fr/logiciels/planning_pratique.php" title=""><li>Planning-Pratique</li></a><a href="http://www.excel-pratique.com/fr/logiciels/protection_pratique.php" title=""><li>Protection-Pratique</li></a><a href="http://www.excel-pratique.com/fr/logiciels/pub-pratique.php" title=""><li>Pub-Pratique</li></a><a href="http://www.excel-pratique.com/fr/logiciels/menu_pratique.php" title=""><li>Menu-Pratique</li></a><a href="http://www.excel-pratique.com/fr/logiciels/taquin.php" title=""><li>Jeux Excel-Pratique</li></a>
A307: =IFERROR(IF(SEARCH($A$1,'code source'!A307),"ok","nok"),"nok") -> nok | B307: =INDIRECT("'code source'!A"&ROW()) -> </ul>
A308: =IFERROR(IF(SEARCH($A$1,'code source'!A308),"ok","nok"),"nok") -> nok | B308: =INDIRECT("'code source'!A"&ROW()) -> <a href="http://www.excel-pratique.com/fr/logiciels.php" title="">LOGICIELS XLP</a>
A309: =IFERROR(IF(SEARCH($A$1,'code source'!A309),"ok","nok"),"nok") -> nok | B309: =INDIRECT("'code source'!A"&ROW()) -> </li>
A310: =IFERROR(IF(SEARCH($A$1,'code source'!A310),"ok","nok"),"nok") -> nok
A311: =IFERROR(IF(SEARCH($A$1,'code source'!A311),"ok","nok"),"nok") -> ok | B311: =INDIRECT("'code source'!A"&ROW()) -> <li class="bouton_nav" style="border-right:0">
A312: =IFERROR(IF(SEARCH($A$1,'code source'!A312),"ok","nok"),"nok") -> nok | B312: =INDIRECT("'code source'!A"&ROW()) -> <ul class="nav_sous_menu sous_menu_9" >
A313: =IFERROR(IF(SEARCH($A$1,'code source'!A313),"ok","nok"),"nok") -> nok | B313: =INDIRECT("'code source'!A"&ROW()) -> <a href="http://www.excel-pratique.com/fr/livredor/livredor.php" title="" rel="nofollow"><li>Ecrire un message</li></a><a href="http://www.excel-pratique.com/fr/livredor/livredor_afficher.php" title="" rel="nofollow"><li>Voir les messages</li></a>
A314: =IFERROR(IF(SEARCH($A$1,'code source'!A314),"ok","nok"),"nok") -> nok | B314: =INDIRECT("'code source'!A"&ROW()) -> </ul>
A315: =IFERROR(IF(SEARCH($A$1,'code source'!A315),"ok","nok"),"nok") -> nok | B315: =INDIRECT("'code source'!A"&ROW()) -> <a href="http://www.excel-pratique.com/fr/livredor.php" title="" rel="nofollow">LIVRE D'OR</a>
A316: =IFERROR(IF(SEARCH($A$1,'code source'!A316),"ok","nok"),"nok") -> nok | B316: =INDIRECT("'code source'!A"&ROW()) -> </li>
A317: =IFERROR(IF(SEARCH($A$1,'code source'!A317),"ok","nok"),"nok") -> nok
A318: =IFERROR(IF(SEARCH($A$1,'code source'!A318),"ok","nok"),"nok") -> nok
A319: =IFERROR(IF(SEARCH($A$1,'code source'!A319),"ok","nok"),"nok") -> nok
A320: =IFERROR(IF(SEARCH($A$1,'code source'!A320),"ok","nok"),"nok") -> nok
A321: =IFERROR(IF(SEARCH($A$1,'code source'!A321),"ok","nok"),"nok") -> nok
A322: =IFERROR(IF(SEARCH($A$1,'code source'!A322),"ok","nok"),"nok") -> nok
A323: =IFERROR(IF(SEARCH($A$1,'code source'!A323),"ok","nok"),"nok") -> nok
A324: =IFERROR(IF(SEARCH($A$1,'code source'!A324),"ok","nok"),"nok") -> nok
A325: =IFERROR(IF(SEARCH($A$1,'code source'!A325),"ok","nok"),"nok") -> nok
A326: =IFERROR(IF(SEARCH($A$1,'code source'!A326),"ok","nok"),"nok") -> nok
A327: =IFERROR(IF(SEARCH($A$1,'code source'!A327),"ok","nok"),"nok") -> nok
A328: =IFERROR(IF(SEARCH($A$1,'code source'!A328),"ok","nok"),"nok") -> ok | B328: =INDIRECT("'code source'!A"&ROW()) -> <div class="bouton_nav_right_forum">
A329: =IFERROR(IF(SEARCH($A$1,'code source'!A329),"ok","nok"),"nok") -> nok
A330: =IFERROR(IF(SEARCH($A$1,'code source'!A330),"ok","nok"),"nok") -> ok | B330: =INDIRECT("'code source'!A"&ROW()) -> <li class="bouton_nav_forum icon-faq"><a href="./faq.php" title="Foire aux questions (Questions posées fréquemment)" rel="nofollow">FAQ</a></li>
A331: =IFERROR(IF(SEARCH($A$1,'code source'!A331),"ok","nok"),"nok") -> nok
A332: =IFERROR(IF(SEARCH($A$1,'code source'!A332),"ok","nok"),"nok") -> ok | B332: =INDIRECT("'code source'!A"&ROW()) -> <li class="bouton_nav_forum icon-members"><a href="http://forum.excel-pratique.com/memberlist.php" title="Voir la liste complète des membres" rel="nofollow">Membres</a></li>
A333: =IFERROR(IF(SEARCH($A$1,'code source'!A333),"ok","nok"),"nok") -> ok | B333: =INDIRECT("'code source'!A"&ROW()) -> <li class="bouton_nav_forum icon-logout"><a href="./ucp.php?mode=logout&amp;sid=782300bc9fc2579476935a92486dc472" title="Déconnexion [ Steelson ]" accesskey="x" rel="nofollow">Déconnexion [ Steelson ]</a></li>
A334: =IFERROR(IF(SEARCH($A$1,'code source'!A334),"ok","nok"),"nok") -> nok
A335: =IFERROR(IF(SEARCH($A$1,'code source'!A335),"ok","nok"),"nok") -> nok
A336: =IFERROR(IF(SEARCH($A$1,'code source'!A336),"ok","nok"),"nok") -> nok
A337: =IFERROR(IF(SEARCH($A$1,'code source'!A337),"ok","nok"),"nok") -> nok
A338: =IFERROR(IF(SEARCH($A$1,'code source'!A338),"ok","nok"),"nok") -> nok
A339: =IFERROR(IF(SEARCH($A$1,'code source'!A339),"ok","nok"),"nok") -> ok | B339: =INDIRECT("'code source'!A"&ROW()) -> <li class="bouton_nav_forum icon-ucp"><a href="./ucp.php" title="Profil" accesskey="e">Profil</a></li>
A340: =IFERROR(IF(SEARCH($A$1,'code source'!A340),"ok","nok"),"nok") -> ok | B340: =INDIRECT("'code source'!A"&ROW()) -> <li class="bouton_nav_forum"><a href="./ucp.php?i=pm&amp;folder=inbox"><strong>1</strong> nouveau message privé</a></li><li class="bouton_nav_forum"><a href="./search.php?search_id=egosearch">Voir mes messages</a></li>
A341: =IFERROR(IF(SEARCH($A$1,'code source'!A341),"ok","nok"),"nok") -> nok
A342: =IFERROR(IF(SEARCH($A$1,'code source'!A342),"ok","nok"),"nok") -> nok
A343: =IFERROR(IF(SEARCH($A$1,'code source'!A343),"ok","nok"),"nok") -> nok
...
